 Dungeon Crawl Stone Soup version 0.29.1-1-gd02db6906a (webtiles) character file.

Game seed: 7651496687949137646

191 hikkokomori the Chiller (level 5, -2/28 HPs)
             Began as a Deep Elf Ice Elementalist on Sept 27, 2022.
             Splashed by a jelly's acid (11 damage)
             ... on level 4 of the Dungeon.
             The game lasted 00:13:11 (4703 turns).

hikkokomori the Chiller (Deep Elf Ice Elementalist) Turns: 4703, Time: 00:13:11

Health: -2/28      AC:  7    Str:  5    XL:     5   Next: 41%
Magic:  10/13      EV: 13    Int: 22    God:
Gold:   233        SH:  0    Dex: 15    Spells: 6/13 levels left

rFire   . . .      SeeInvis .   q - +1 mace (holy)
rCold   . . .      Faith    .   (no shield)
rNeg    . . .      Spirit   .   a - +0 robe
rPois   .          Reflect  .   d - +1 hat
rElec   .          Harm     .   (no cloak)
rCorr   .          Rampage  .   (no gloves)
Will    .....                   c - +0 pair of boots
Stlth   +++.......              (no amulet)
HPRegen 0.09/turn               (no ring)
MPRegen 0.13/turn               (no ring)

@: ice-armoured, corroded
A: no striking features
a: no special abilities


You were on level 4 of the Dungeon.
You visited 1 branch of the dungeon, and saw 4 of its levels.

You collected 233 gold pieces.

Inventory:

Hand Weapons
 o - a +1 dagger of pain
 q - a +1 mace of holy wrath (weapon)
Missiles
 r - 2 poisoned darts
Armour
 a - a +0 robe (worn)
 c - a +0 pair of boots (worn)
 d - a +1 hat (worn)
Magical Staves
 m - a staff of conjuration
Jewellery
 p - an amulet of faith
Wands
 l - a wand of polymorph (10)
Scrolls
 f - a scroll of torment {unknown}
 h - 2 scrolls of summoning {unknown}
 i - a scroll of vulnerability {unknown}
 j - 2 scrolls of magic mapping {unknown}
 k - 2 scrolls of enchant armour {unknown}
 n - a scroll of identify {unknown}
Potions
 b - a potion of magic
 e - 2 potions of curing {unknown}
 g - a potion of resistance {unknown}


   Skills:
 + Level 4.0 Dodging
 + Level 4.1 Stealth
 + Level 4.5 Spellcasting
 + Level 5.3 Ice Magic


You had 6 spell levels left.
You knew the following spells:

 Your Spells              Type           Power      Damage    Failure   Level
a - Freeze                Ice            100%       1d11      1%          1
b - Ozocubu's Armour      Ice            28%        N/A       3%          3
c - Frozen Ramparts       Ice            56%        1d9       3%          3

Your spell library contained the following spells:

 Spells                   Type           Power      Damage    Failure   Level
 Hailstorm                Conj/Ice       16%        3d6       34%         4
 Passage of Golubria      Tloc           4%         N/A       71%         4
 Silence                  Hex/Air        2%         N/A       96%         5
 Borgnjor's Revivificati  Necr           2%         N/A       100%        8
 Lehudib's Crystal Spear  Conj/Erth      2%         10d2      100%        8
 Necromutation            Tmut/Necr      2%         N/A       100%        8
 Death's Door             Necr           2%         N/A       100%        9


Dungeon Overview and Level Annotations

Branches:
Dungeon (4/15)
 Temple: D:4-7

Altars:

Annotations:
D:3 2 transporters, warriortoast's ghost, amateur DECj


Message History

A hobgoblin is nearby!
A hobgoblin is nearby!
The hobgoblin shouts!
A jelly comes into view.
You hit the hobgoblin.
The hobgoblin is heavily wounded.
The hobgoblin closely misses you. The hobgoblin barely misses you.
You hit the hobgoblin but do no damage.
The hobgoblin is heavily wounded.
The hobgoblin barely misses you.
You barely miss the hobgoblin.
The hobgoblin is heavily wounded.
The hobgoblin closely misses you.
An endoplasm comes into view.
You hit the hobgoblin.
You kill the hobgoblin!
You hit the jelly.
Your hands burn!
The jelly is moderately wounded.
A worm comes into view.
You hit the jelly.
Your hands burn!
The jelly is heavily wounded.
The jelly barely misses you. The jelly hits you but does no damage.
You hit the jelly.
Your hands burn!
The jelly is heavily wounded.
The jelly hits you.
You are splashed with acid!
You are too injured to fight recklessly!
You are too injured to fight recklessly!
You are too injured to fight recklessly!
You are too injured to fight recklessly!
You are too injured to fight recklessly!
You are too injured to fight recklessly!
You are too injured to fight recklessly!
Casting: Freeze (safe; 1% risk of failure)
Confirm with . or Enter, or press ? or * to list all spells.
You don't know that spell.
Casting: Freeze (safe; 1% risk of failure)
Confirm with . or Enter, or press ? or * to list all spells.
A film of ice covers your body! The jelly hits you. The acid corrodes you!
You are splashed with acid!
You die... #..# #.# #.# ...# #.# #.# .##.# #.# #.# #. #.# #.# #.### .# #.# ##... #.# wJ.

#.# . #J#
#†# .. #@#
#.# ... #.#
#.# .... #.#
#.#
.....####.#
#.#
..........#
#.#
..........#
#.#
.###.###..#
#.#
.........#
##########.#
###.###.##
#..........#


You could see a worm, a jelly and an endoplasm.

Vanquished Creatures
  5 gnolls
  4 adders
  2 worms
  5 dart slugs
  4 orcs
  5 endoplasms
  10 goblins
  7 hobgoblins
  6 jackals (D:3)
  7 kobolds
  A quokka (D:1)
  11 ball pythons
  9 bats
  5 frilled lizards
  5 rats
86 creatures vanquished.

Vanquished Creatures (others)
  6 plants (D:3)
6 creatures vanquished.

Grand Total: 92 creatures vanquished

Notes
Turn   | Place    | Note
-------+----------+-------------------------------------------
     0 | D:1      | hikkokomori the Deep Elf Ice Elementalist began the quest
                  | for the Orb.
     0 | D:1      | Reached XP level 1. HP: 10/10 MP: 6/6
   442 | D:1      | Found a faded altar of an unknown god.
   467 | D:1      | Reached XP level 2. HP: 11/15 MP: 1/8
  1395 | D:1      | Reached XP level 3. HP: 19/19 MP: 7/10
  2101 | D:2      | Reached XP level 4. HP: 21/24 MP: 5/11
  2590 | D:3      | Learned a level 3 spell: Ozocubu's Armour
  2594 | D:3      | Learned a level 3 spell: Frozen Ramparts
  2786 | D:3      | Found a transporter.
  2800 | D:3      | Reached skill level 5 in Ice Magic
  3356 | D:3      | Reached XP level 5. HP: 15/28 MP: 6/13
  3981 | D:3      | Found a transporter.
  4046 | D:3      | Noticed warriortoast's ghost (amateur DECj)
  4703 | D:4      | Splashed by a jelly's acid

Illustrated notes

Levels and vault maps discovered:
D:1:      sevenhm_arrival_forest_fort_large_4, layout_loops_corners,
          hellmonk_ecumenical_altar_arch_garden, amcnicky_mini_corridor_feature
D:2:      layout_basic, minmay_pentomino_v4
D:3:      minmay_octagon_keep, layout_loops_cross,
          gammafunk_ghost_gnarly_gnolls, st_stairs_1,
          kennysheep_decorative_pillar
D:4:      layout_loops_ring, grunt_temple_overflow_cloverleaf, uniq_duvessa

Skill      XL: |  1  2  3  4  5 |
---------------+----------------+-----
Dodging        | 3 4 |  4.0
Stealth        | 3 4 |  4.1
Ice Magic      | 5 |  5.3
Spellcasting   | 4 |  4.5

Action                   |  1- 3 |  4- 6 || total
-------------------------+-------+-------++-------
Melee: Mace              |    21 |    84 ||   105
       Dagger            |       |    16 ||    16
 Cast: Freeze            |    44 |    25 ||    69
       Frozen Ramparts   |       |     3 ||     3
       Ozocubu's Armour  |       |     4 ||     4
Evoke: Wand              |       |     2 ||     2
 Stab: Sleeping          |     1 |     6 ||     7
Armor: Robe              |    13 |    32 ||    45
Dodge: Dodged            |    39 |   107 ||   146
